cohdb
Replays
Latest Replays
All Replays
Popular Replays
Top Player Replays
Match Explorer
How It Works
Community
CoH3 Stats
Reddit
Sign in to upload your games and track your stats! →
Sign in with Steam
Match 40688963
Unlisted
Match 40688963
Overview
Messages
Build Orders
End
Royal Engineer Section
Construct Section Command Post
Selects Canadian Shock Battlegroup
Infantry Section
Infantry Section
ML 3-inch Mortar Team
Construct Platoon Command Post
Humber Armored Car
Grenade Package
Selects Attacking Spirit
Selects Canadian Shock Section
Selects Incendiary Munitions
6-pounder Anti-tank Gun Team
Construct Field Infirmary
Canadian Shock Section
Infantry Training
Construct Company Command Post
Selects Pyrotechnics
Vickers Machine Gun Team
Crusader II Medium Tank
Selects Point Assault
Crusader II Medium Tank
Armored Vehicle Training
Crusader II Medium Tank
Selects Demolition Engineering
Random_Target
Turtleboy
Wolf 0815
Büffel
0
0
Comments
sign in to comment!
No comments posted yet!